[Event "*** SCC Grand Prix: Titled Tuesday Blitz"]
[Site "Chess.com"]
[Date "2020.06.02"]
[Round "10"]
[White "GMartin_Petrov"]
[Black "abhidabhi"]
[Result "0-1"]
[WhiteElo "2572"]
[BlackElo "2718"]
[TimeControl "180+1"]
[EndTime "11:58:31 PDT"]
[Termination "abhidabhi won by resignation"]

1. c4 c5 2. Nc3 Nc6 3. g3 g6 4. Bg2 Bg7 5. e3 e6 6. Nge2 Nge7 7. O-O d6 8. Rb1 O-O 9. a3 b6 10. b4 Bb7 11. d4 cxd4 12. exd4 Rc8 13. Be3 Qd7 14. Rc1 d5 15. c5 bxc5 16. dxc5 a6 17. Na4 Qc7 18. Nb6 Rcd8 19. Qb3 Nf5 20. Bf4 e5 21.
Bg5 Ncd4 22. Nxd4 Nxd4 23. Bxd8 Rxd8 24. Qa2 e4 25. Rfd1 h5 26. h4 e3 27. fxe3 Nf5 28. Nxd5 Bxd5 29. Rxd5 Rxd5 30. Qxd5 Qxg3 31. Qd8+ Kh7 32.
Qg5 Qe5 33. Qf4 Qb2 34. Rf1 Bh6 35. Qc4 Bxe3+ 36. Kh2 Qe5+ 37. Rf4 Bxf4+ 38. Kg1 Qe3+ 39. Kf1 0-1

[Event "*** SCC Grand Prix: Titled Tuesday Blitz"]
[Site "Chess.com"]
[Date "2020.06.02"]
[Round "10"]
[White "Chuchofrio1"]
[Black "elohunter1999"]
[Result "0-1"]
[WhiteElo "2291"]
[BlackElo "2510"]
[TimeControl "180+1"]
[EndTime "11:58:31 PDT"]
[Termination "elohunter1999 won on time"]

1. d4 Nf6 2. c4 e6 3. Nc3 Bb4 4. Qc2 O-O 5. Nf3 c5 6. dxc5 Na6 7. g3 Nxc5 8. Bg2 b6 9. O-O Bb7 10. Nb5 Be4 11. Qd1 Nb7 12. a3 Be7 13. Bf4 Rc8 14.
Nxa7 Rxc4 15. Nb5 d5 16. Nc3 Bxf3 17. Bxf3 Nc5 18. Rc1 Ncd7 19. b3 Rc8 20. Nb5 Rxc1 21. Qxc1 e5 22. Bg5 h6 23. Bd2 Nc5 24. Qb2 Qd7 25. a4 d4 26. Bg2 Rd8 27. Na3 Qe6 28. Nc4 Nxa4 29. bxa4 Qxc4 30. Qxb6 Qxa4 31. Rc1 Qa2 32.
Be1 Qxe2 33. Bf1 Qe4 34. Rc7 Qxe1 35. Rxe7 Rf8 36. Qd6 Ne4 0-1

[Event "*** SCC Grand Prix: Titled Tuesday Blitz"]
[Site "Chess.com"]
[Date "2020.06.02"]
[Round "10"]
[White "AniJak"]
[Black "ditkin25"]
[Result "1-0"]
[WhiteElo "2279"]
[BlackElo "2407"]
[TimeControl "180+1"]
[EndTime "11:58:31 PDT"]
[Termination "AniJak won on time"]

1. e4 c6 2. d4 d5 3. exd5 cxd5 4. Bd3 Nc6 5. c3 Qc7 6. Ne2 Bg4 7. Bf4 Qxf4 8. Nxf4 Bxd1 9. Kxd1 e6 10. Nd2 Bd6 11. Nh5 g6 12. Ng3 h5 13. Re1 h4 14. Ngf1 h3 15. g3 Nh6 16. Ne3 O-O-O 17. Bf1 Kb8 18. Nf3 Nf5 19. Nxf5 gxf5 20. Ng5 Rdf8 21. Nxh3 f4 22.
gxf4 Ne7 23. Re3 Rh4 24. Rf3 Nf5 25. Kc2 Rfh8 26. Re1 Rg4 27. Ng5 Rxh2 28. Nxf7 Nh4 29. Rfe3 Rxf2+ 30. Be2 Bxf4 31. Rxe6 Nf3 32. Rf1 Rgg2 33.
Rxf2 Rxf2 34. Kd1 Ng5 35. Nxg5 Bxg5 36. Re5 Rg2 37. Rxd5 Kc7 38. Rc5+ Kb6 39. Re5 Bf4 40.
Re6+ Kc7 41. Re7+ Kb6 42. Rxb7+ Kxb7 43. Bf3+ Kc7 44. Bxg2 Kd6 45. Kc2 Bh6 46. Kd3 Bf8 47. b3 a5 48. c4 Kc7 49. c5 Bh6 50. Kc4 Bd2 51. Kb5 Kd7 52. d5 1-0

[Event "*** SCC Grand Prix: Titled Tuesday Blitz"]
[Site "Chess.com"]
[Date "2020.06.02"]
[Round "10"]
[White "Danfii"]
[Black "The_Machine04"]
[Result "1-0"]
[WhiteElo "2435"]
[BlackElo "2287"]
[TimeControl "180+1"]
[EndTime "11:58:32 PDT"]
[Termination "Danfii won on time"]

1. e4 d6 2. d4 Nf6 3. Nc3 e5 4. Nf3 Nbd7 5. Bc4 Be7 6. a4 c6 7. O-O O-O 8. h3 Qc7 9. Re1 h6 10. Be3 a5 11. dxe5 dxe5 12. Nh4 Rd8 13. Qf3 Nc5 14.
Ng6 Be6 15. Bxe6 Nxe6 16. Nxe7+ Qxe7 17. Qg3 Kh7 18. Qxe5 Nd7 19. Qf5+ g6 20. Qf3 Ne5 21. Qe2 Qb4 22. Ra3 Nd4 23. Bxd4 Qxd4 24. Rb3 b6 25.
Kh2 Qc5 26. f4 Nc4 27. Qg4 Rd2 28. Nd1 Rad8 29. Ne3 Nxe3 30. Rbxe3 Qxc2 31. e5 h5 32. Qg3 Kg7 33. e6 f5 34. e7 Re8 35. Qg5 Qxb2 36. Re6 Qc3 37. Qxg6+ 1-0

[Event "*** SCC Grand Prix: Titled Tuesday Blitz"]
[Site "Chess.com"]
[Date "2020.06.02"]
[Round "10"]
[White "HouseOfDurin"]
[Black "NefeLV"]
[Result "1-0"]
[WhiteElo "1989"]
[BlackElo "1763"]
[TimeControl "180+1"]
[EndTime "11:58:32 PDT"]
[Termination "HouseOfDurin won by checkmate"]

1. d4 g6 2. h4 Bg7 3. h5 gxh5 4. Rxh5 Nf6 5. Rh1 c5 6. c3 cxd4 7. cxd4 Nc6 8. Nf3 Qa5+ 9. Bd2 Qb6 10. Bc3 Ne4 11. Qd3 d5 12. e3 Bf5 13. Qb5 e6 14.
Nbd2 Nxc3 15. bxc3 Qxb5 16. Bxb5 O-O 17. Nh4 Bg6 18.
Nxg6 hxg6 19. Rb1 a6 20. Bxc6 bxc6 21. Nb3 e5 22. Kd2 e4 23. Nc5 Rfb8 24. Kc2 Bf8 25. Rxb8 Rxb8 26. Nxa6 Ra8 27. Nb4 Bxb4 28. cxb4 Rxa2+ 29.
Kb3 Rxf2 30. Rc1 Re2 31. Rc3 Rxg2 32. Rxc6 Re2 33. Rc3 g5 34. b5 Re1 35. Kb2 g4 36. b6 g3 37. b7 Re2+ 38. Rc2 Rxc2+ 39. Kxc2 g2 40. b8=Q+ Kh7 41. Qg3 f5 42. Qxg2 Kh6 43. Qh2+ Kg5 44. Qf4+ Kh5 45. Kc3 Kg6 46. Kb4 Kh5 47.
Kc5 Kg6 48. Kxd5 Kh5 49. Kc6 Kg6 50. d5 Kh5 51. d6 Kg6 52. d7 Kh5 53. d8=Q Kg6 54.
Qd5 Kh5 55. Qdxf5# 1-0

[Event "*** SCC Grand Prix: Titled Tuesday Blitz"]
[Site "Chess.com"]
[Date "2020.06.02"]
[Round "10"]
[White "ajian"]
[Black "Goryachkina"]
[Result "0-1"]
[WhiteElo "2457"]
[BlackElo "2669"]
[TimeControl "180+1"]
[EndTime "11:58:33 PDT"]
[Termination "Goryachkina won by resignation"]

1. d4 d5 2. c4 e6 3. Nc3 Nf6 4.
cxd5 exd5 5. Bg5 c6 6. e3 h6 7. Bh4 Be7 8. Bd3 Ne4 9. Bxe7 Qxe7 10. Qc2 Nxc3 11. bxc3 c5 12. Ne2 O-O 13. O-O b6 14.
a4 c4 15. Bf5 Nc6 16. Rfe1 Qf6 17. Ng3 Bxf5 18. Nxf5 Rfe8 19. Ng3 Re7 20. e4 dxe4 21.
Rxe4 Rae8 22. Rae1 Qg6 23. Qb1 Rxe4 24. Rxe4 Rxe4 25.
Nxe4 Ne7 26. f3 Qc6 27. Qa2 Nd5 28. Qa3 Qe6 29. Qc1 f5 30. Nf2 Kf7 31. h3 Qe3 32. Qxe3 Nxe3 33. g3 Ke6 34. g4 g6 35. Kh2 a6 36.
Kg3 b5 37. axb5 axb5 38. Kf4 Nd5+ 39. Kg3 Nxc3 40. gxf5+ gxf5 41. Kf4 Nd5+ 42. Kg3 b4 43. Nd1 b3 44. Kf2 c3 45. Nxc3 Nxc3 46. Ke3 b2 47.
Kd3 b1=Q+ 48. Kxc3 Qf1 0-1

[Event "*** SCC Grand Prix: Titled Tuesday Blitz"]
[Site "Chess.com"]
[Date "2020.06.02"]
[Round "10"]
[White "goofypenguin96"]
[Black "Alopekos"]
[Result "1-0"]
[WhiteElo "2312"]
[BlackElo "2490"]
[TimeControl "180+1"]
[EndTime "11:58:33 PDT"]
[Termination "goofypenguin96 won on time"]

1. e4 c5 2. c3 g6 3. d4 cxd4 4. cxd4 d5 5. exd5 Nf6 6. Bb5+ Nbd7 7. Nc3 Bg7 8. d6 exd6 9. Qe2+ Qe7 10. Qxe7+ Kxe7 11. Nf3 h6 12. O-O Nb6 13. Bf4 Nbd5 14. Bg3 Be6 15.
Rfe1 Rhc8 16. Rac1 a6 17. Bd3 Kd7 18. Nd2 b5 19.
Nde4 Nxe4 20. Bxe4 Nxc3 21. bxc3 d5 22. Bd3 Rc6 23.
a4 bxa4 24. Bc2 Rc4 25. Bd3 Rc6 26. Bc2 Rc4 27. Bd3 Rac8 28. Bxc4 Rxc4 29. Red1 Bf5 30. f3 a3 31. Be1 Bf8 32. Ra1 Ra4 33. Rd2 Kc6 34. g4 Be6 35. Rda2 Kb5 36. Bd2 Kc4 37. Bc1 Kb3 38. Kf2 h5 39. g5 Bf5 40. f4 Bb1 41. Rd2 1-0

[Event "*** SCC Grand Prix: Titled Tuesday Blitz"]
[Site "Chess.com"]
[Date "2020.06.02"]
[Round "10"]
[White "czasnaszachy"]
[Black "Campelov"]
[Result "0-1"]
[WhiteElo "2320"]
[BlackElo "2173"]
[TimeControl "180+1"]
[EndTime "11:58:33 PDT"]
[Termination "Campelov won on time"]

1. d4 Nf6 2. c4 g6 3. Nc3 Bg7 4.
e4 d6 5. f3 O-O 6. Bg5 h6 7.
Be3 Nc6 8. Qd2 Kh7 9. Nge2 a6 10. h4 h5 11. g3 Rb8 12. Bg2 b5 13. cxb5 axb5 14.
O-O b4 15. Nd1 Bd7 16. Nf2 e5 17. d5 Ne7 18. Rfc1 Ne8 19. a3 bxa3 20. Rxa3 f5 21. Nc3 Nf6 22. Nh3 fxe4 23. Ng5+ Kg8 24. fxe4 Ng4 25. Bf1 Nxe3 26. Qxe3 Bh6 27. b3 Kg7 28.
Bc4 Ng8 29. Raa1 Nf6 30. Rf1 Ng4 31. Qd2 Qe7 32. Rxf8 Rxf8 33. Ra7 Rf2 34. Qxf2 Nxf2 35. Kxf2 Bxg5 36. hxg5 Qxg5 37. Rxc7 Qd2+ 38. Ne2 Kf6 39. Rxd7 g5 40. Rxd6+ Ke7 41. Re6+ Kd7 42. Rxe5 h4 43. gxh4 gxh4 44. Rh5 h3 45. Rxh3 Qg5 46. Rf3 Qh4+ 47.
Ke3 Qh6+ 48. Nf4 Qh1 49. e5 Qc1+ 50. Kd3 Qb1+ 51. Ke3 Qc1+ 52. Kf2 Qd2+ 53. Ne2 Qg5 54. e6+ Kd6 55. Rf7 Qh4+ 56. Ke3 Qh6+ 57. Kd3 Qg6+ 58. Kd2 Qg5+ 59. Kc2 Qg6+ 60. Kb2 Qe4 61. Rd7+ Kc5 0-1

[Event "*** SCC Grand Prix: Titled Tuesday Blitz"]
[Site "Chess.com"]
[Date "2020.06.02"]
[Round "10"]
[White "francyIM"]
[Black "Illingworth"]
[Result "1-0"]
[WhiteElo "2710"]
[BlackElo "2886"]
[TimeControl "180+1"]
[EndTime "11:58:34 PDT"]
[Termination "francyIM won by resignation"]

1. c4 c6 2. d4 d5 3. Nf3 Nf6 4. e3 e6 5. Nbd2 Be7 6. Bd3 O-O 7. b3 Nbd7 8. Bb2 b6 9. O-O Bb7 10. Qe2 c5 11. Ne5 Nxe5 12. dxe5 Ne4 13. Rfd1 Nxd2 14. Rxd2 Qc7 15. cxd5 Bxd5 16. Rad1 Rad8 17. Qh5 g6 18. Qg4 Rfe8 19. h4 Bf8 20. h5 Bg7 21. hxg6 hxg6 22. Bb5 Rf8 23. e4 Bb7 24. Rd7 Qc8 25.
R7d6 Rxd6 26. Rxd6 Rd8 27. Qg5 Rf8 28. f3 Ba6 29. Bd7 Qc7 30. Bc6 Bc8 31. a4 Ba6 32. f4 Bb7 33. Bxb7 Qxb7 34. f5 Qxe4 35. f6 Qb1+ 36. Qc1 Qxc1+ 37. Bxc1 Bh8 38. Rd7 Ra8 39. Be3 Kf8 40. Kf2 Kg8 41. g4 Kf8 42. g5 Ke8 43.
Re7+ Kf8 44. Ke2 Kg8 45. Kf3 Kf8 46. Ke4 Kg8 47. a5 bxa5 48. Bxc5 Rb8 49. Rxa7 Rxb3 50. Rxa5 Rb8 51. Kd4 Rc8 52. Bd6 Rd8 53. Kc5 Rc8+ 54. Kb6 Rc1 55. Ra8+ Kh7 56. Rf8 Rf1 57. Rxf7+ Kg8 58.
Re7 Rf5 59. Rxe6 Rxg5 60. Re8+ Kf7 61. Rxh8 Rg1 62. Rh7+ Ke6 63. f7 1-0

[Event "*** SCC Grand Prix: Titled Tuesday Blitz"]
[Site "Chess.com"]
[Date "2020.06.02"]
[Round "10"]
[White "Vuk2000"]
[Black "Thipsay"]
[Result "1-0"]
[WhiteElo "2639"]
[BlackElo "2480"]
[TimeControl "180+1"]
[EndTime "11:58:34 PDT"]
[Termination "Vuk2000 won by checkmate"]

1. d4 Nf6 2. Bg5 d5 3. Bxf6 exf6 4. e3 c6 5. c4 dxc4 6. Bxc4 Bd6 7. Nf3 O-O 8. O-O Nd7 9. Nc3 f5 10. Qc2 Nf6 11. Rfe1 Qc7 12. e4 fxe4 13. Nxe4 Nxe4 14. Qxe4 h6 15. Re3 Bd7 16. Ne5 Bxe5 17. dxe5 Rae8 18. Rd1 Be6 19. Bd3 g6 20. Qf4 Kh7 21. Rde1 Qd7 22.
Rg3 Bf5 23. Bxf5 Qxf5 24. Qxf5 gxf5 25. Rf3 Kg6 26. h4 Re6 27. Rg3+ Kh7 28. f4 f6 29. Rd3 Rf7 30. Rd6 Rxd6 31. exd6 Kg7 32. Re8 Rd7 33. Rb8 Kf7 34. Kf2 Ke6 35. Ke3 Kxd6 36.
Rh8 Re7+ 37. Kf3 Kd5 38. Rxh6 Re6 39. Rh7 b5 40. Rxa7 c5 41. Rd7+ Kc6 42. Rd2 c4 43. g4 b4 44. g5 fxg5 45. fxg5 Re4 46.
g6 Rxh4 47. g7 Rg4 48. Rg2 Rxg7 49. Rxg7 Kd5 50. Ke3 c3 51. Rd7+ Ke6 52. Rd1 cxb2 53. Rb1 Kd5 54. Rxb2 Kc4 55. Rc2+ Kb5 56. Kd3 Ka4 57.
Rf2 Ka3 58. Kc4 f4 59. Rf3+ Kxa2 60. Kxb4 Kb2 61. Rf2+ Kc1 62. Kc3 Kd1 63. Kd3 Ke1 64. Rxf4 Kd1 65. Rf1# 1-0

[Event "*** SCC Grand Prix: Titled Tuesday Blitz"]
[Site "Chess.com"]
[Date "2020.06.02"]
[Round "10"]
[White "Angel_Hranitel_37"]
[Black "suyu28"]
[Result "0-1"]
[WhiteElo "2406"]
[BlackElo "2591"]
[TimeControl "180+1"]
[EndTime "11:58:34 PDT"]
[Termination "suyu28 won by checkmate"]

1. d4 Nf6 2. Nf3 c5 3. d5 e6 4. c4 d6 5. Nc3 e5 6. e4 Be7 7.
g3 O-O 8. Bg2 Nbd7 9. O-O Re8 10. Ne1 Nf8 11. Nd3 Ng6 12. f4 exf4 13. gxf4 Bf8 14. Qe2 b5 15. Nxb5 Nh4 16. e5 Ng4 17. h3 Nh6 18. Be4 Bxh3 19. Rf2 Bf5 20. Rh2 Bxe4 21. Qxe4 N6f5 22. Bd2 a6 23. Nc3 Nd4 24. Kh1 g6 25. Rf1 Bg7 26. Ne2 Nhf5 27. Nxd4 Ng3+ 28.
Kg2 Nxe4 29. Nc6 Qd7 30. Bc1 Qg4+ 31. Kh1 Ng3+ 32. Kg2 Nxf1+ 33. Kxf1 Qf3+ 34. Nf2 dxe5 35. Rh3 e4 36. Rxf3 exf3 37. Nd3 Re2 38. Nde5 Bxe5 39. fxe5 Kf8 40. d6 Ke8 41. Bf4 h5 42. Ne7 Rb8 43. b3 Rxa2 44. Nd5 Rxb3 45. Nf6+ Kd8 46. Bd2 Rb1+ 47. Kf2 Rxd2+ 48. Kxf3 Rb3+ 49. Ke4 Rd4# 0-1

[Event "*** SCC Grand Prix: Titled Tuesday Blitz"]
[Site "Chess.com"]
[Date "2020.06.02"]
[Round "10"]
[White "Sibelephant"]
[Black "rasmussvane"]
[Result "1-0"]
[WhiteElo "3157"]
[BlackElo "2893"]
[TimeControl "180+1"]
[EndTime "11:58:36 PDT"]
[Termination "Sibelephant won by resignation"]

1. d4 d5 2. Nf3 Nf6 3. Bg5 Ne4 4.
Bf4 c5 5. e3 Nc6 6. Nbd2 Bg4 7.
Be2 Nxd2 8. Qxd2 e6 9. O-O Bd6 10. dxc5 Bxc5 11. Qc3 Bxf3 12. Bxf3 Bf8 13. Rfd1 Qf6 14.
Qb3 Qe7 15. c4 dxc4 16. Qb5 Rc8 17. Bd6 a6 18. Qb6 Qd8 19. Qxb7 Bxd6 20. Bxc6+ Rxc6 21. Qxc6+ Ke7 22. Qxc4 Qb8 23. Qh4+ f6 24. b3 h5 25. h3 g5 26. Qe4 g4 27. Qg6 Qf8 28. Qd3 Qb8 29.
Qxa6 gxh3 30. gxh3 Rg8+ 31. Kf1 Bh2 32. Qc6 Qa7 33.
a4 f5 34. Rac1 Kf6 35. Ke2 Qb8 36. Rd3 Qb4 37. Qc3+ Qxc3 38. Rcxc3 Be5 39. Rc4 Rg1 40. b4 Rh1 41. a5 Rxh3 42. a6 Rh1 43. Ra3 Ra1 44.
Rxa1 1-0

[Event "*** SCC Grand Prix: Titled Tuesday Blitz"]
[Site "Chess.com"]
[Date "2020.06.02"]
[Round "10"]
[White "Koalaskakistis"]
[Black "valeriocarnicelli"]
[Result "1-0"]
[WhiteElo "2446"]
[BlackElo "2593"]
[TimeControl "180+1"]
[EndTime "11:58:36 PDT"]
[Termination "Koalaskakistis won by resignation"]

1. Nf3 Nf6 2. g3 g6 3. Bg2 Bg7 4. O-O O-O 5. d3 d6 6. c4 Nbd7 7. Nc3 e5 8. Rb1 Re8 9. e4 a5 10. a3 Nc5 11. b4 axb4 12. axb4 Ne6 13. b5 Nd7 14. Be3 Ndc5 15. Nd5 Ra3 16. Ne1 Bd7 17. Ra1 Qa8 18. Rxa3 Qxa3 19. Bxc5 Qxc5 20. Qa1 c6 21. bxc6 bxc6 22. Ne3 Nd4 23. N1c2 Nxc2 24. Nxc2 Bg4 25. Rb1 Be2 26. Bf1 Bxf1 27. Kxf1 f5 28. Qa3 Qxa3 29. Nxa3 Ra8 30. Nc2 fxe4 31. dxe4 Ra4 32. Ne3 Bh6 33. Rb8+ Kf7 34. Rb7+ Ke6 35. Ng4 Bf8 36.
Ne3 Bh6 37. Ng4 Bg5 38. Rxh7 Rxc4 39. f3 d5 40. Rg7 dxe4 41. fxe4 Rxe4 42. Nf2 Rc4 43.
Rxg6+ Bf6 44. Ng4 Kf5 45. Rxf6+ Kxg4 46. Kg2 Rc2+ 47. Rf2 Rxf2+ 48. Kxf2 c5 49. Ke3 c4 50.
h4 c3 51. Kd3 Kf3 52. h5 e4+ 53. Kc2 e3 54. h6 e2 55. h7 e1=Q 56. h8=Q Qd2+ 57. Kb3 Qb2+ 58. Kc4 c2 59. Qxb2 1-0

[Event "*** SCC Grand Prix: Titled Tuesday Blitz"]
[Site "Chess.com"]
[Date "2020.06.02"]
[Round "10"]
[White "DariaVoit"]
[Black "GM_Buhmann"]
[Result "0-1"]
[WhiteElo "2565"]
[BlackElo "2805"]
[TimeControl "180+1"]
[EndTime "11:58:37 PDT"]
[Termination "GM_Buhmann won by resignation"]

1. d4 Nf6 2. Nf3 g6 3. c4 Bg7 4. Nc3 O-O 5. Bg5 d6 6. e3 c6 7.
h3 Nbd7 8. Be2 Qc7 9. O-O e5 10.
Qc2 Re8 11. b4 exd4 12. exd4 Nf8 13. Bf4 Bf5 14. Bd3 Ne6 15. Bh2 Bxd3 16. Qxd3 Nh5 17.
Qd2 Qb6 18. Bxd6 Nxd4 19. Nxd4 Qxd4 20. Qxd4 Bxd4 21. Rac1 Rad8 22. c5 Nf6 23. Rfd1 Bxc3 24. Rxc3 Nd5 25. Rb3 a6 26. a4 Re4 27. Rdb1 Rde8 28.
b5 Rxa4 29. bxc6 bxc6 30. Rb8 Re4 31. R1b7 Kg7 32. f4 Rxb8 33. Rxb8 Nxf4 34. Rb6 Ne2+ 35. Kf2 Nd4 36. Rxa6 Kf6 37. Ra4 Ke6 38. Ra7 Nf5 39. Ra6 Kd5 40. Bf8 Re8 41. g4 Rxf8 42. gxf5 Kxc5 43.
f6 Kd5 44. Kf3 c5 45. Kf4 h6 46. h4 Rc8 47. Ra7 c4 48. Rxf7 Ke6 49. Re7+ Kxf6 50. Re2 c3 51. Rc2 Rc4+ 52. Kg3 Kf5 0-1

[Event "*** SCC Grand Prix: Titled Tuesday Blitz"]
[Site "Chess.com"]
[Date "2020.06.02"]
[Round "10"]
[White "PavlovDanila"]
[Black "Dr-Bassem"]
[Result "0-1"]
[WhiteElo "2644"]
[BlackElo "2811"]
[TimeControl "180+1"]
[EndTime "11:58:38 PDT"]
[Termination "Dr-Bassem won by resignation"]

1. e4 e5 2. Nf3 Nc6 3. Bb5 a6 4.
Bxc6 dxc6 5. O-O f6 6. d4 exd4 7. Nxd4 c5 8. Nb3 Qxd1 9. Rxd1 Bd7 10. Nc3 O-O-O 11. Bf4 Be6 12. Rxd8+ Kxd8 13. Rd1+ Kc8 14. Nd5 Bxd5 15. exd5 Bd6 16. Bxd6 cxd6 17. Re1 Kd7 18. Na5 Ne7 19. c4 b6 20. Nb3 b5 21. Nd2 bxc4 22. Nxc4 Nxd5 23. Rd1 Re8 24. Kf1 Re4 25. b3 Ke6 26. f3 Ne3+ 27. Nxe3 Rxe3 28. Kf2 Rc3 29. Rd2 d5 30. Re2+ Kd6 31. Ke1 Rc1+ 32. Kd2 Ra1 33. Kd3 a5 34. Kc3 h5 35. Kb2 Rh1 36. h3 h4 37. Ka3 d4 38. Ka4 Kd5 39. Re8 Ra1 40.
Kxa5 Rxa2+ 41. Kb5 Rxg2 42. Rd8+ Ke5 43. Kxc5 Rc2+ 44.
Kb5 Rc3 45. Re8+ Kf4 46. Re4+ Kg3 47. Rxd4 Rxb3+ 48. Kc4 Rxf3 49. Rg4+ Kxh3 50. Rxg7 Rg3 51. Rh7 Rg4+ 52. Kd3 Kg2 53. Ra7 h3 54. Ra2+ Kg3 55.
Ra1 h2 56. Ke3 Kg2 57. Ra2+ Kh3 58. Ra1 Rg1 59. Ra8 h1=Q 60. Rh8+ Kg4 0-1

[Event "*** SCC Grand Prix: Titled Tuesday Blitz"]
[Site "Chess.com"]
[Date "2020.06.02"]
[Round "10"]
[White "TST2014"]
[Black "northridgehawk"]
[Result "0-1"]
[WhiteElo "2500"]
[BlackElo "2332"]
[TimeControl "180+1"]
[EndTime "11:58:38 PDT"]
[Termination "northridgehawk won on time"]

1. d4 Nf6 2. c4 g6 3. Nf3 Bg7 4. Nc3 d5 5. Bg5 Ne4 6. Bh4 Nxc3 7. bxc3 dxc4 8. Qa4+ c6 9. Qxc4 O-O 10. e3 Nd7 11. Be2 Nb6 12. Qb4 Re8 13. O-O Be6 14. c4 a5 15. Qb3 a4 16. Qb4 a3 17. Rab1 Nd7 18. Qxb7 c5 19. Rfc1 cxd4 20. exd4 Bf5 21. Rb3 Qa5 22.
Qb5 Qa7 23. c5 Be6 24. c6 Reb8 25. Qd3 Bxb3 26. axb3 a2 27. Ra1 Nc5 28. Rxa2 Nxd3 29. Rxa7 Rxa7 30. Bxd3 Ra1+ 31. Bf1 Rxb3 32. h3 Rc3 33. d5 Rcc1 34. Nd2 Bh6 35. Bxe7 Bxd2 36. d6 Rxc6 37. d7 Ba5 38. d8=Q+ Bxd8 39. Bxd8 Rcc1 40. Bf6 Rxf1+ 41. Kh2 Ra2 42. f3 Rff2 43. Kg3 Rxg2+ 44. Kf4 Rgc2 0-1

[Event "*** SCC Grand Prix: Titled Tuesday Blitz"]
[Site "Chess.com"]
[Date "2020.06.02"]
[Round "10"]
[White "BogdanBelyakov89"]
[Black "oneshot007"]
[Result "1-0"]
[WhiteElo "2631"]
[BlackElo "2432"]
[TimeControl "180+1"]
[EndTime "11:58:38 PDT"]
[Termination "BogdanBelyakov89 won by checkmate"]

1. e4 c5 2. c3 f5 3. exf5 Nf6 4. Nf3 d5 5. d4 c4 6. b3 cxb3 7. Bd3 bxa2 8. Rxa2 Ne4 9. g4 e6 10. Ne5 Nc6 11. Qa4 Bd7 12. fxe6 Nxe5 13. exd7+ Nxd7 14. Qb5 Be7 15. Qxd5 Nef6 16. Qe6 Nf8 17. Bb5+ N6d7 18.
Qe4 Qb6 19. Na3 O-O-O 20. Be2 Ng6 21. Rb2 Bxa3 22. Rxb6 Nxb6 23. Bxa3 Rhe8 24. Qf3 Nc4 25.
Bc1 Re7 26. O-O Nd6 27. Bd3 Rf7 28. Qg2 Rdf8 29. Bxg6 hxg6 30. f4 g5 31. f5 g6 32.
Qd5 Kc7 33. Bxg5 gxf5 34. Bf4 Rd8 35. g5 Rg7 36. h4 Rg6 37. h5 Rg7 38. g6 b6 39. Be5 Rgg8 40. g7 Rd7 41. h6 Kd8 42. Bxd6 Ke8 43. Qxg8# 1-0

[Event "*** SCC Grand Prix: Titled Tuesday Blitz"]
[Site "Chess.com"]
[Date "2020.06.02"]
[Round "10"]
[White "Misticpikachu"]
[Black "MYMChessAcademy"]
[Result "1-0"]
[WhiteElo "2282"]
[BlackElo "2407"]
[TimeControl "180+1"]
[EndTime "11:58:38 PDT"]
[Termination "Misticpikachu won by checkmate"]

1. c4 g6 2. Nc3 Bg7 3. d4 d6 4. e4 Nf6 5. h3 O-O 6. Be3 e5 7. d5 a5 8. g4 Na6 9. Nge2 Ne8 10. Ng3 Nc5 11. Qd2 Bd7 12. f3 c6 13. h4 cxd5 14. cxd5 Nc7 15. h5 b5 16. Bh6 Qe7 17.
Bxg7 Kxg7 18. Rg1 b4 19. Nd1 Nb5 20. Nf5+ gxf5 21. gxf5+ Kh8 22. Qh6 f6 23. Ne3 Nd4 24. Kf2 Na4 25. Nc4 Rac8 26. Nxd6 Rc2+ 27. Ke3 Nxb2 28.
Bd3 Nxd3 29. Kxd3 Rc3+ 30. Kd2 Nxf3+ 31. Ke2 Nxg1+ 32. Rxg1 Rc2+ 33. Kd3 Rxa2 34. Nc4 Rf2 35. Ne3 Rf3 36. Ke2 Rh3 37. Ng4 Bb5+ 38. Kf2 Rd3 39.
Ne3 Qc5 40. Qg7# 1-0

[Event "*** SCC Grand Prix: Titled Tuesday Blitz"]
[Site "Chess.com"]
[Date "2020.06.02"]
[Round "10"]
[White "HanSchut"]
[Black "Witik"]
[Result "1-0"]
[WhiteElo "2208"]
[BlackElo "2511"]
[TimeControl "180+1"]
[EndTime "11:58:38 PDT"]
[Termination "HanSchut won by resignation"]

1. e4 c6 2. d4 d6 3. Bd3 h6 4. f4 g5 5. c3 Bg7 6. fxg5 hxg5 7.
Bxg5 Nf6 8. Nf3 Bg4 9. Nbd2 Nbd7 10. Qe2 Qc7 11. O-O-O O-O-O 12. h3 Bh5 13. g4 Bg6 14.
Nh4 Bh7 15. Nf5 Bf8 16. Nf3 e6 17. Nxd6+ Bxd6 18. e5 Be7 19. exf6 Bxf6 20. Bxf6 Nxf6 21. Ne5 Nd5 22. Rhf1 f6 23. Ng6 Bxg6 24. Qxe6+ Kb8 25. Bxg6 Rxh3 26. g5 Rg3 27. Be4 fxg5 28. Bxd5 cxd5 29. Rf7 Qd6 30. Qxd6+ Rxd6 31. Re1 a6 32. Ree7 Rb6 33. Rf2 g4 34. Re5 Rh6 35. Rxd5 Rg1+ 36. Kc2 Rg6 37.
Rf8+ Ka7 38. Rdd8 Rg7 39. Rg8 Re7 40. Kb3 Rg2 41. a4 Ree2 42. a5 Rxb2+ 43. Kc4 b5+ 44. Kc5 1-0

[Event "*** SCC Grand Prix: Titled Tuesday Blitz"]
[Site "Chess.com"]
[Date "2020.06.02"]
[Round "10"]
[White "Sanroto99"]
[Black "kleopl"]
[Result "1-0"]
[WhiteElo "2349"]
[BlackElo "2434"]
[TimeControl "180+1"]
[EndTime "11:58:40 PDT"]
[Termination "Sanroto99 won by resignation"]

1. d4 Nf6 2. c4 g6 3. Nc3 d5 4. cxd5 Nxd5 5. e4 Nxc3 6. bxc3 c5 7. Nf3 Bg7 8. Be3 O-O 9. Qd2 Nc6 10. Rc1 b6 11. d5 Na5 12. Be2 e5 13. O-O Nb7 14. Bh6 f6 15. Bxg7 Kxg7 16. Ne1 Nd6 17. Bd3 Qe7 18. Nc2 Bd7 19. Ne3 Kh8 20. Nc4 Nxc4 21. Bxc4 Qd6 22. f4 Rae8 23. fxe5 Qxe5 24. Rce1 Kg7 25.
Bd3 Qd6 26. c4 Qe5 27. Qf2 Re7 28. Kh1 Qc3 29. Qc2 Qxc2 30. Bxc2 Rfe8 31. Rd1 Re5 32.
Kg1 Bg4 33. Rd2 Rf8 34. h3 Bd7 35. Rdf2 Re7 36. a4 Ref7 37. Re1 Re8 38. Rfe2 Rfe7 39. Kf2 Re5 40. Re3 Kf7 41. Bd3 Ke7 42. R3e2 Kd6 43.
a5 Rb8 44. Rb1 Kc7 45. axb6+ axb6 46. Ra1 Ree8 47. Re3 Rb7 48. Rf3 Rf8 49. e5 f5 50.
d6+ Kc6 51. Bc2 Re8 52. Ba4+ b5 53. Bxb5+ Rxb5 54. cxb5+ Kxb5 55. Re3 f4 56. Ree1 Kc6 57. Ra7 Re6 58. Rc7+ Kd5 59. Rxd7 c4 60. Re7 1-0

[Event "*** SCC Grand Prix: Titled Tuesday Blitz"]
[Site "Chess.com"]
[Date "2020.06.02"]
[Round "10"]
[White "Godzillator"]
[Black "GMTalks_Youtube"]
[Result "0-1"]
[WhiteElo "2468"]
[BlackElo "2655"]
[TimeControl "180+1"]
[EndTime "11:58:42 PDT"]
[Termination "GMTalks_Youtube won on time"]

1. d4 Nf6 2. c4 e6 3. Nc3 Bb4 4.
Qc2 d6 5. Bg5 Nbd7 6. Nf3 b6 7.
e3 Bb7 8. Be2 h6 9. Bh4 g5 10.
Bg3 Ne4 11. Bd3 Bxc3+ 12. bxc3 f5 13. Kf1 Ndf6 14. Nd2 O-O 15. f3 Nxg3+ 16. hxg3 Kg7 17. Ke2 Qe8 18. Rh2 Nh5 19. Kf2 Nf6 20. Rah1 Rh8 21.
e4 fxe4 22. Nxe4 Qe7 23. Nxf6 Qxf6 24. Be4 c6 25. Re1 Rae8 26. a4 d5 27. Bd3 c5 28.
dxc5 bxc5 29. cxd5 exd5 30. Rhh1 c4 31. Bf5 Qb6+ 32. Kf1 Rxe1+ 33. Kxe1 Re8+ 34. Kd1 d4 35. Re1 d3 36. Bxd3 cxd3 37. Qxd3 Rd8 38. Re7+ Kf6 39. Rd7 Qb3+ 40. Kc1 Qa3+ 41. Kb1 Be4 42. fxe4 Rb8+ 43.
Kc2 Qa2+ 44. Kc1 Rb1+ 45. Qxb1 Qa3+ 46. Qb2 Qxa4 0-1

[Event "*** SCC Grand Prix: Titled Tuesday Blitz"]
[Site "Chess.com"]
[Date "2020.06.02"]
[Round "10"]
[White "Msb2"]
[Black "Bigfish1995"]
[Result "0-1"]
[WhiteElo "2852"]
[BlackElo "3006"]
[TimeControl "180+1"]
[EndTime "11:58:43 PDT"]
[Termination "Bigfish1995 won by resignation"]

1. d4 d5 2. c4 e6 3. Nc3 h6 4. Nf3 Nf6 5. g3 Bd6 6. Bg2 O-O 7. O-O Nc6 8. b3 dxc4 9. bxc4 e5 10. e3 Re8 11.
Rb1 Rb8 12. c5 exd4 13. exd4 Bf8 14. d5 Na5 15. Qd4 b6 16. c6 Bf5 17. Ra1 Bc5 18.
Qf4 Be4 19. Rd1 g5 20. Nxg5 hxg5 21. Qxg5+ Bg6 22. Bf4 Nc4 23. d6 Nxd6 24. Nb5 Nfe4 25.
Qxd8 Rbxd8 26. Nxc7 Nxf2 27. Rdc1 Re2 28. Rxc5 bxc5 29. Nd5 Ne8 30. Rc1 Nd3 31. Rf1 Nxf4 32.
Rxf4 Rxg2+ 33. Kxg2 Rxd5 34. Ra4 Rd6 35. Rxa7 Rxc6 36.
Ra8 f6 37. Kf2 Kf7 38. a4 Nd6 39. a5 c4 40. a6 Nc8 41. a7 Rc7 42. Ke1 Nxa7 43.
Kd2 c3+ 44. Kc1 Rb7 0-1